AoeStats
← Guitencule

Arabia

508677956Analyzed
3v3 RM · 10d ago on Sep 23, 2026· 57m 25s· 6 players
Game mode
Random Map
Map size
Normal (6 player)
Population
200
Speed
Normal
Resources
Standard
Victory
Conquest
Starting age
Dark Age
Ending age
Imperial Age
RankedLock teamsTeams togetherTeam positionsShared explorationLock speedFull tech treeHidden civsTurbo modeCheats
Victory
Defeat
🇪🇸 Huns · Spain
845
+14
🇫🇮 Varangians · Finland
840
+14
🇹🇷 Britons · Türkiye
805
+17
🇫🇷 Japanese · France
847
-16
🇫🇷 Burgundians · France
825
-16
🇫🇷 Danes · France
748
-13
dundergubbe
8:33 Loom
10:40 Feudal Age
12:52 Bloodlines
21:04 Castle Age
20:10 Double-Bit Axe
20:07 Horse Collar
23:09 Husbandry
29:29 Scale Mail Armor
30:24 Scale Barding Armor
31:44 Chain Barding Armor
37:11 Imperial Age
35:26 Wheelbarrow
36:22 Elite Skirmisher
38:14 Forging
40:45 Elite Jarl
43:42 Conscription
44:05 Iron Casting
45:00 Fletching
47:19 Fortified Wall
47:22 Murder Holes
Kerem
14:20 Feudal Age
16:24 Wheelbarrow
15:33 Horse Collar
15:52 Double-Bit Axe
16:01 Gold Mining
16:33 Stone Mining
17:59 Man-at-Arms
21:13 Forging
20:54 Fletching
21:05 Padded Archer Armor
24:48 Castle Age
23:43 Arson
26:17 Hand Cart
26:07 Heavy Plow
26:21 Bow Saw
27:55 Gold Shaft Mining
27:22 Squires
28:39 Iron Casting
27:59 Bodkin Arrow
28:58 Pikeman
33:21 Ballistics
37:28 Imperial Age
35:14 Caravan
35:57 Treadmill Crane
36:12 Murder Holes
36:57 Leather Archer Armor
36:39 Bodkin Arrow
37:32 Fortified Wall
37:38 Masonry
38:37 Conscription
43:00 Blast Furnace
42:00 Bracer
47:46 Two-Man Saw
47:26 Yeomen
48:07 Elite Longbowman
54:45 Warwolf
Mescalito
0:28 Loom
9:33 Feudal Age
10:17 Double-Bit Axe
10:46 Horse Collar
16:00 Wheelbarrow
19:40 Castle Age
18:11 Scale Barding Armor
20:57 Hand Cart
20:47 Heavy Plow
21:00 Bow Saw
20:47 Stone Mining
22:25 Forging
22:37 Squires
23:52 Gold Mining
26:01 Husbandry
26:52 Masonry
28:23 Bloodlines
29:29 Chain Barding Armor
30:45 Caravan
31:31 Marauders
35:22 Imperial Age
35:05 Iron Casting
35:38 Gold Shaft Mining
37:08 Two-Man Saw
37:11 Plate Barding Armor
37:18 Guilds
37:46 Coinage
38:48 Elite Tarkan
41:20 Blast Furnace
50:10 Murder Holes
50:36 Ballistics
53:23 Light Cavalry
54:51 Hussar
Alexaumax
12:33 Feudal Age
12:38 Wheelbarrow
12:21 Double-Bit Axe
13:06 Horse Collar
17:30 Heavy Plow
21:55 Castle Age
21:58 Pikeman
24:50 Gold Mining
27:02 Stone Mining
27:59 Elite Skirmisher
31:33 Gold Shaft Mining
31:13 Scale Barding Armor
31:19 Forging
34:46 Chain Barding Armor
37:20 Imperial Age
35:22 Padded Archer Armor
36:54 Ballistics
37:30 Chain Barding Armor
39:38 Chemistry
Guitencule
3:35 Loom
12:00 Feudal Age
15:02 Horse Collar
23:48 Double-Bit Axe
23:58 Gold Mining
26:19 Castle Age
24:55 Stone Mining
26:05 Town Watch
26:59 Wheelbarrow
26:12 Arson
27:41 Caravan
28:02 Heavy Plow
28:19 Bow Saw
29:20 Pikeman
29:45 Gambesons
31:51 Crossbowman
32:37 Thumb Ring
37:30 Ballistics
37:20 Fortified Wall
37:29 Squires
38:15 Hand Cart
44:02 Imperial Age
41:43 Elite Skirmisher
42:19 Fletching
42:40 Forging
42:31 Padded Archer Armor
42:31 Scale Mail Armor
45:13 Conscription
44:23 Capped Ram
46:46 Halberdier
51:51 Iron Casting
51:33 Chain Mail Armor
51:13 Bodkin Arrow
53:42 Cavalier
54:22 Husbandry
54:36 Bloodlines
ELFIAKO
2:47 Loom
10:12 Feudal Age
11:27 Double-Bit Axe
11:25 Horse Collar
20:41 Castle Age
19:30 Stone Mining
21:38 Bow Saw
21:23 Gold Mining
21:37 Heavy Plow
25:42 Forging
25:33 Padded Archer Armor
33:47 Imperial Age
33:24 Gold Shaft Mining
35:01 Conscription
34:36 Fletching
35:16 Bodkin Arrow
35:57 Iron Casting
37:08 Wheelbarrow
37:48 Capped Ram
40:01 Hand Cart
39:47 Elite Jomsviking
41:26 Iron Casting
41:07 Leather Archer Armor
45:56 Chemistry
45:18 Ballistics
48:05 Blast Furnace
47:06 Scale Mail Armor
51:41 Chain Mail Armor
51:51 Masonry
56:25 Town Watch
56:14 Pikeman
Connection lost

Rejoining the realm…

Still unreachable

The connection could not be restored.

Session expired

The server has moved on; the page needs a fresh start.